Map: Abiogenesis LE

Players

CinDra

  • Race: Zerg Zerg
  • League: Gold
  • Spawn Location: 5:00

DavidJChen - Winner!

  • Race: Terran Terran
  • Spawn Location: 11:00

VOD

Have the link to the VOD?

Description

Time

  • Played on: March 19, 2018, 8:46 p.m.
  • Length: 13:44
Show
View Real Time Build Order
Export as new Build Order

CinDra Zerg 

Build Orders: Hatch First 

Get SALT Encoding   

  12  0:01  Drone  
  13  0:12  Overlord  
  13  0:17  Drone  
  14  0:33  Drone x2  
  14  0:34  Drone  
  17  0:53  Hatchery  
  17  0:56  Drone  
  17  1:00  Drone  
  18  1:10  Extractor  
  17  1:15  Spawning Pool  
  17  1:17  Drone  
  17  1:21  Drone  
  18  1:28  Drone  
  19  1:38  Overlord  
  19  1:49  Drone  
  20  2:02  Queen  
  20  2:03  Zergling x2  
  20  2:06  Queen  
  20  2:07  Zergling x2  
  26  2:13  Metabolic Boost  
  26  2:15  Drone  
  26  2:16  Drone  
  26  2:22  Drone  
  29  2:47  Drone  
  29  2:51  Hatchery  
  29  2:57  Drone x5  
  34  3:00  Overlord  
  34  3:08  Drone  
  35  3:17  Queen, Overlord  
  37  3:22  Zergling x10  
  38  3:35  Zergling x6  
  38  3:39  Drone  
  42  3:48  Zergling x8  
  43  4:00  Zergling x2  
  43  4:01  Zergling x4  
  44  4:11  Queen  
  44  4:13  Drone x3  
  49  4:20  Drone x2  
  51  4:28  Zergling x4  
  52  4:39  Drone x6  
  52  4:44  Queen  
  58  4:49  Zergling x2  
  58  4:50  Zergling x2, Overlord  
  58  4:51  Overlord x3  
  57  4:56  Overlord  
  57  4:58  Roach Warren  
  56  5:00  Drone  
  56  5:01  Extractor  
  56  5:13  Zergling x8  
  51  5:29  Evolution Chamber  
  51  5:30  Zergling x20  
  55  5:38  Roach  
  48  5:45  Zergling x4  
  38  5:58  Zergling x24  
  38  5:59  Queen  
  38  6:03  Zergling x2  
  53  6:11  Roach x2  
  56  6:18  Zergling x6  
  54  6:25  Zergling x2  
  50  6:33  Roach x6  
  62  6:41  Zerg Missile Weapons Level 1  
  62  6:45  Drone x4  
  62  6:46  Drone  
  67  6:55  Roach x2  
  71  7:01  Drone  
  71  7:02  Drone  
  73  7:12  Queen  
  63  7:26  Zergling x8  
  63  7:27  Zergling x8  
  67  7:43  Queen  
  69  7:46  Zergling x10  
  74  8:05  Zergling x14  
  81  8:10  Overlord  
  81  8:24  Zergling x8  
  82  8:46  Roach  
  82  8:47  Roach x5  
  79  8:57  Lair  
  79  9:00  Zergling x4  
  79  9:01  Zergling x2  
  80  9:10  Drone x2  
  80  9:11  Drone  
  80  9:16  Roach  
  85  9:19  Drone x2  
  87  9:33  Drone x4  
  91  9:46  Drone  
  91  9:47  Drone x4  
  96  9:55  Extractor  
  96  9:56  Extractor  
  96  9:59  Spire  
  93  10:02  Drone  
  93  10:06  Drone x3  
  97  10:28  Roach  
  97  10:29  Roach x3  
  97  10:30  Overlord  
  97  10:31  Overlord x2  
  105  10:56  Roach x5  
  105  10:57  Roach x3  
  121  11:20  Zerg Missile Weapons Level 2  
  121  11:22  Glial Reconstitution  
  121  11:23  Zerg Flyer Weapons Level 1  
  121  11:30  Overlord  
  121  11:31  Overlord x4  
  110  12:02  Pneumatized Carapace  
  110  12:04  Zergling x2  
  110  12:05  Zergling x32  
  127  12:09  Overseer x2  
  127  12:10  Overseer  
  127  12:19  Drone x2  
  127  12:20  Drone x3  
  132  12:37  Mutalisk  
  132  12:38  Mutalisk x4  
  142  12:50  Hatchery  
  141  12:57  Mutalisk x2  
  145  13:01  Overlord x2  
  100  13:15  Roach x5  
Show
View Real Time Build Order
Export as new Build Order

DavidJChen Terran - Winner!

Build Orders:  

Get SALT Encoding   

  12  0:00  SCV  
  13  0:13  SCV  
  14  0:18  Supply Depot  
  14  0:25  SCV  
  15  0:40  SCV  
  15  0:42  Barracks  
  16  0:50  Refinery  
  16  0:52  SCV  
  17  1:04  SCV  
  17  1:05  Barracks  
  18  1:16  SCV  
  19  1:23  Barracks  
  19  1:29  SCV  
  20  1:33  Reaper  
  21  1:41  SCV  
  21  1:46  Supply Depot  
  22  1:53  SCV  
  23  1:55  Refinery  
  23  2:07  SCV  
  24  2:15  Reaper x2  
  26  2:19  SCV  
  27  2:47  Reaper x2  
  27  2:48  Reaper  
  30  2:52  Command Center  
  30  3:07  Barracks  
  30  3:13  Barracks  
  30  3:33  Reaper x2  
  31  3:40  Supply Depot  
  31  3:41  Supply Depot  
  31  4:02  Reaper  
  32  4:07  Reaper  
  33  4:12  Reaper  
  34  4:20  Orbital Command  
  34  4:22  Orbital Command  
  34  4:34  Reaper  
  34  4:37  Reaper x2  
  37  4:39  Reaper  
  37  4:44  Reaper  
  39  4:55  Supply Depot  
  39  4:57  SCV  
  40  5:01  SCV  
  40  5:06  Refinery, Reaper  
  42  5:09  SCV  
  43  5:20  Reaper x4  
  47  5:21  SCV  
  48  5:38  Reaper  
  49  5:52  Reaper x2  
  49  5:55  Command Center  
  48  5:59  Reaper x2  
  50  6:05  Engineering Bay  
  50  6:08  Engineering Bay  
  50  6:10  Reaper  
  50  6:37  Barracks Reactor x2, Barracks Tech Lab x2  
  50  6:47  Refinery  
  50  6:54  SCV x2  
  51  7:00  Barracks Reactor  
  52  7:02  Marauder x2  
  52  7:06  SCV x2  
  58  7:18  SCV  
  56  7:30  Marauder x2, Marine x2  
  56  7:31  Marine x2  
  56  7:33  Terran Infantry Weapons Level 1  
  56  7:34  Terran Infantry Armor Level 1  
  60  7:43  Factory  
  60  7:45  SCV x3  
  65  7:51  Marauder  
  65  7:54  Refinery  
  65  7:56  Marine x4  
  65  7:57  SCV, Marine  
  67  8:15  SCV x3  
  70  8:20  Refinery  
  70  8:22  Concussive Shells, Stimpack  
  70  8:24  Marine x3  
  70  8:25  Marine x2  
  70  8:26  Marauder x2  
  79  8:37  SCV  
  79  8:38  SCV  
  64  9:00  Marine x5  
  64  9:01  Marauder x2  
  73  9:08  Starport  
  73  9:10  Factory Reactor  
  73  9:15  SCV x3, Armory  
  76  9:17  Marine x3  
  76  9:18  Marine x3  
  76  9:22  Marauder  
  84  9:32  Supply Depot  
  84  9:36  SCV x2, Marauder, Supply Depot  
  84  9:37  SCV  
  89  9:47  Marine x4  
  89  9:48  Marine  
  89  9:49  Marauder  
  96  9:57  Marauder  
  98  10:00  SCV x2  
  98  10:01  SCV  
  98  10:02  Terran Infantry Weapons Level 2, Terran Infantry Armor Level 2  
  101  10:12  Marine x2  
  101  10:13  Marine x3  
  101  10:14  Marine  
  107  10:16  Medivac  
  88  10:21  Medivac  
  109  10:23  Marine x2  
  113  10:30  Combat Shields  
  113  11:04  Marine  
  113  11:05  Marine x3  
  117  11:12  Supply Depot  
  117  11:13  Marauder x2, Marine  
  122  11:19  Missile Turret  
  122  11:20  Missile Turret  
  122  11:21  SCV x3  
  125  11:34  Medivac x2  
  127  11:47  Marine x5  
  124  11:48  Marine  
  124  11:49  Marauder  
  132  11:59  SCV  
  133  12:15  Supply Depot  
  133  12:37  SCV x3, Marauder, Marine x2  
  138  12:38  Marine  
  141  12:45  Supply Depot  
  141  12:48  Supply Depot  
  141  12:49  SCV x2, Medivac x2, Marauder, Marine x2  
  151  12:55  Supply Depot  
  153  12:58  Marauder  
  137  13:21  Marine x5  
  137  13:22  Marauder  
  137  13:25  SCV x3  
Tags
 
League
Gold
Matchup
TvZ
Spawn Locations
Cross Positions
Add a new tag
Caveats
  • Supply blocks, unpowered buildings, or Contaminate may cause inaccurate times.
  • Supply counts are checked every 10 seconds.